AoeStats
← fleur

Arabia

510325646Analyzed
3v3 RM · 2d ago on Sep 30, 2026· 51m 0s· 6 players
Game mode
Random Map
Map size
Normal (6 player)
Population
200
Speed
Normal
Resources
Standard
Victory
Conquest
Starting age
Dark Age
Ending age
Imperial Age
RankedLock teamsTeams togetherTeam positionsShared explorationLock speedFull tech treeHidden civsTurbo modeCheats
Victory
Defeat
🇹🇷 Persians · Türkiye
925
+14
🇨🇳 Huns · China
848
+17
🇹🇷 Britons · Türkiye
765
+20
🇩🇪 Huns · Germany
874
-17
🇩🇰 Mongols · Denmark
868
-17
🇺🇸 Ethiopians · United States
864
-17
ComeNgetMe17
4:09 Loom
9:29 Feudal Age
10:38 Double-Bit Axe
17:09 Castle Age
16:01 Horse Collar
17:11 Stone Mining
24:47 Wheelbarrow
24:43 Heavy Plow
25:39 Scale Mail Armor
25:50 Gold Mining
26:13 Town Watch
27:18 Forging
32:27 Imperial Age
30:56 Gold Shaft Mining
31:25 Iron Casting
31:44 Hand Cart
32:30 Chain Mail Armor
32:30 Elite Shotel Warrior
33:31 Conscription
33:58 Arson
35:20 Bow Saw
36:23 Squires
37:00 Hand Cart
37:51 Two-Man Saw
36:29 Capped Ram
37:09 Elite Skirmisher
38:49 Royal Heirs
41:18 Plate Mail Armor
41:23 Iron Casting
41:06 Fletching
41:16 Padded Archer Armor
44:23 Bodkin Arrow
45:46 Halberdier
49:31 Blast Furnace
49:03 Heavy Scorpion
Findussen
10:30 Feudal Age
15:22 Castle Age
14:34 Horse Collar
14:55 Double-Bit Axe
18:03 Wheelbarrow
20:57 Bow Saw
22:08 Heavy Plow
25:37 Fletching
25:59 Scale Barding Armor
27:08 Hand Cart
29:49 Bodkin Arrow
30:41 Stone Mining
30:42 Gold Mining
32:34 Chain Barding Armor
36:16 Town Watch
44:01 Ballistics
fleur
7:06 Loom
11:17 Feudal Age
11:42 Horse Collar
11:50 Double-Bit Axe
13:21 Wheelbarrow
17:44 Bloodlines
22:39 Castle Age
23:35 Squires
24:16 Pikeman
39:51 Forging
39:46 Scale Mail Armor
40:48 Bow Saw
42:19 Heavy Plow
43:38 Chain Mail Armor
44:56 Iron Casting
Börü 𐰋𐰇𐰼𐰇
4:43 Loom
13:34 Feudal Age
20:34 Castle Age
18:51 Double-Bit Axe
22:49 Fletching
29:52 Ballistics
32:47 Bodkin Arrow
35:00 Yeomen
35:16 Horse Collar
37:19 Wheelbarrow
37:24 Bow Saw
39:28 Heavy Plow
41:01 Hand Cart
41:39 Padded Archer Armor
41:50 Forging
41:41 Scale Mail Armor
46:01 Imperial Age
47:00 Bracer
47:02 Padded Archer Armor
47:13 Forging
47:03 Scale Mail Armor
47:23 Town Watch
47:58 Elite Longbowman
49:02 Conscription
48:42 Warwolf
50:00 Chemistry
48:56 Murder Holes
48:42 Treadmill Crane
48:58 Gold Mining
49:01 Stone Mining
BORNOVALI35
7:53 Loom
10:46 Feudal Age
16:03 Castle Age
14:58 Double-Bit Axe
14:56 Horse Collar
18:11 Bow Saw
20:03 Bloodlines
22:33 Gold Mining
24:40 Forging
26:02 Wheelbarrow
27:21 Scale Barding Armor
28:39 Hand Cart
31:42 Gold Mining
32:13 Husbandry
34:06 Chain Barding Armor
34:30 Gold Shaft Mining
34:32 Iron Casting
38:37 Imperial Age
38:35 Cavalier
40:16 Blast Furnace
40:16 Two-Man Saw
41:20 Plate Barding Armor
43:35 Fletching
44:49 Chemistry
43:22 Light Cavalry
44:48 Elite Skirmisher
47:01 Conscription
49:21 Savar
50:04 Scale Mail Armor
49:52 Town Watch
50:30 Ballistics
50:32 Heavy Plow
31545054
1:41 Loom
12:54 Feudal Age
18:38 Castle Age
17:20 Bloodlines
18:00 Forging
18:08 Scale Barding Armor
19:40 Husbandry
21:29 Iron Casting
21:17 Chain Barding Armor
36:30 Imperial Age
35:21 Wheelbarrow
37:50 Conscription
38:36 Cavalier
39:13 Horse Collar
39:22 Double-Bit Axe
39:36 Elite Skirmisher
41:24 Blast Furnace
41:00 Plate Barding Armor
41:07 Hand Cart
42:49 Paladin
44:57 Padded Archer Armor
44:48 Fletching
44:59 Scale Mail Armor
49:24 Leather Archer Armor
49:04 Bodkin Arrow
50:58 Bracer
Connection lost

Rejoining the realm…

Still unreachable

The connection could not be restored.

Session expired

The server has moved on; the page needs a fresh start.